cohdb
Replays
Latest Replays
All Replays
Popular Replays
Top Player Replays
Match Explorer
How It Works
Community
CoH3 Stats
Reddit
Sign in to upload your games and track your stats! →
Sign in with Steam
Match 40728358
Unlisted
Match 40728358
Overview
Messages
Build Orders
End
Scout Squad
Construct Weapon Support Center
M1919 Machine Gun Team
Engineer Squad
M1919 Machine Gun Team
Engineer Squad
Bazooka Squad
Construct Medical Station
Selects Heavy Weapons
M1919 Machine Gun Team
Improved M9 Bazooka Rockets
Mechanized Support Center
Bazooka Squad
Construct Motor Pool
M1 Anti-tank Gun Team
M1 Anti-tank Gun Team
Selects M2HB .50cal Heavy Machine Gun
Selects Rapid Reposition
M16 Multiple Gun Motor Carriage
M8 Greyhound Armored Car
Selects Assault Carriers
Selects Exchangeable Parts
M1 Anti-tank Gun Team
Engineer Squad
M1919 Machine Gun Team
Selects M26 Pershing Heavy Tank
M26 Pershing Heavy Tank
RINZLER
deadsadbadmad
0
0
Comments
sign in to comment!
No comments posted yet!